SL
GRAFTON MIDDIES @ ROCKY MOUNTAIN NUGGETS
07/30/2030
 
TOP OF THE 1ST
Grafton Middies batting - Pitching for Rocky Mountain Nuggets : RHP Juan Guillén
Pitching: RHP Juan Guillén
Batting: RHB Pedro Santos 0-0: Called Strike
0-1: Ground out 5-3 (Groundball, 5L)
Batting: RHB Carlos Maldonado 0-0: Ground out 6-3 (Groundball, 6)
Batting: LHB Mario Ramos 0-0: Ball
1-0: Called Strike
1-1: Foul Ball, location: 2F
1-2: Ball
2-2: Ball
3-2: Base on Balls
Batting: RHB Stefano Gaddi 0-0: Called Strike
0-1: Ball
1-1: Foul Ball, location: 2F
1-2: Ball
2-2: Strikes out looking
Top of the 1st over - 0 runs, 0 hits, 0 errors, 1 left on base; Grafton 0 - Rocky Mountain 0
BOTTOM OF THE 1ST
Rocky Mountain Nuggets batting - Pitching for Grafton Middies : RHP Craig Whitney
Pitching: RHP Craig Whitney
Batting: RHB Wes Shannon 0-0: Called Strike
0-1: Foul Ball, location: 2F
0-2: Ball
1-2: Fly out, F8 (Flyball, 8RM)
Batting: RHB Wrangler Haresnape 0-0: DOUBLE (Line Drive, 7LM)
Batting: RHB Iván Vega 0-0: Ball
1-0: Ball
2-0: Called Strike
2-1: DOUBLE (Line Drive, 7LS)
Wrangler Haresnape scores
Batting: LHB Willis Baker 0-0: Ball
1-0: Ball
2-0: Called Strike
2-1: Called Strike
2-2: Ball
3-2: Strikes out swinging
Batting: LHB Roberto Sánchez 0-0: Called Strike
0-1: Ball
1-1: Ball
2-1: Foul Ball, location: 2F
2-2: Ball
3-2: Fly out, F8 (Flyball, 78D)
Bottom of the 1st over - 1 run, 2 hits, 0 errors, 1 left on base; Grafton 0 - Rocky Mountain 1
TOP OF THE 2ND
Grafton Middies batting - Pitching for Rocky Mountain Nuggets : RHP Juan Guillén
Batting: SHB Leonard O'Connor 0-0: Ball
1-0: Foul Ball, location: 2F
1-1: Ball
2-1: Swinging Strike
2-2: Fly out, F7 (Flyball, 7D)
Batting: LHB Jorge Flores 0-0: Ball
1-0: Ball
2-0: Ball
3-0: Called Strike
3-1: Called Strike
3-2: Base on Balls
Batting: LHB John Meléndez 0-0: Called Strike
0-1: Ball
Wild Pitch!
Jorge Flores to second
1-1: Called Strike
1-2: Strikes out swinging
Batting: LHB Juan Caro 0-0: Foul Ball, location: 2F
0-1: Ball
1-1: Swinging Strike
1-2: Strikes out swinging
Top of the 2nd over - 0 runs, 0 hits, 0 errors, 1 left on base; Grafton 0 - Rocky Mountain 1
BOTTOM OF THE 2ND
Rocky Mountain Nuggets batting - Pitching for Grafton Middies : RHP Craig Whitney
Batting: RHB Hieu De 0-0: Ball
1-0: Ball
2-0: Ball
3-0: Base on Balls
Batting: RHB Ludwig Kluge 0-0: Ball
1-0: Called Strike
1-1: Ball
2-1: Called Strike
2-2: SINGLE (Flyball, 8RS)
Hieu De to second
Runner from 2nd tries for 3rd, OUT!
Batting: RHB Gary Chalmers 0-0: Ball
1-0: Called Strike
Ludwig Kluge steals 2nd base
1-1: Ground out 6-3 (Groundball, 6M)
Ludwig Kluge to third
Batting: RHB Pedro Longoria 0-0: Called Strike
0-1: Ball
1-1: Called Strike
1-2: Ball
2-2: Foul Ball, location: 2F
2-2: Strikes out swinging
Bottom of the 2nd over - 0 runs, 1 hit, 0 errors, 1 left on base; Grafton 0 - Rocky Mountain 1
TOP OF THE 3RD
Grafton Middies batting - Pitching for Rocky Mountain Nuggets : RHP Juan Guillén
Batting: RHB Rafael Delgado 0-0: Swinging Strike
0-1: Ball
1-1: Called Strike
1-2: Foul Ball, location: 2F
1-2: Foul Ball, location: 2F
1-2: Strikes out swinging
Batting: RHB Pedro Santos 0-0: Ball
1-0: Ball
2-0: Called Strike
2-1: Ball
3-1: Foul Ball, location: 2F
3-2: Strikes out swinging
Batting: RHB Carlos Maldonado 0-0: Swinging Strike
0-1: Ground out 5-3 (Groundball, 56S)
Top of the 3rd over - 0 runs, 0 hits, 0 errors, 0 left on base; Grafton 0 - Rocky Mountain 1
BOTTOM OF THE 3RD
Rocky Mountain Nuggets batting - Pitching for Grafton Middies : RHP Craig Whitney
Batting: RHB Wes Shannon 0-0: Ball
1-0: Ball
2-0: Ball
3-0: Base on Balls
Batting: RHB Wrangler Haresnape 0-0: Ball
1-0: Ball
2-0: Foul Ball, location: 2F
2-1: Ground out U3 (Groundball, 2R)
Wes Shannon to second
Batting: RHB Iván Vega 0-0: Called Strike
0-1: Called Strike
0-2: Ball
1-2: SINGLE (Groundball, 5D)
Wes Shannon to third
Batting: LHB Willis Baker 0-0: Ball
1-0: Called Strike
Iván Vega steals 2nd base
1-1: Ball
2-1: Foul Ball, location: 2F
2-2: Fly out, F3 (Line Drive, 34)
Batting: LHB Roberto Sánchez 0-0: SINGLE (Line Drive, 4MD)
Wes Shannon scores
Iván Vega to third
Runner from 3rd tries for Home, SAFE, no throw
Batting: RHB Hieu De 0-0: Ball
1-0: Ball
2-0: Called Strike
2-1: Foul Ball, location: 2F
2-2: Ground out 2-3 (Groundball, 15S)
Bottom of the 3rd over - 2 runs, 2 hits, 0 errors, 1 left on base; Grafton 0 - Rocky Mountain 3
TOP OF THE 4TH
Grafton Middies batting - Pitching for Rocky Mountain Nuggets : RHP Juan Guillén
Batting: LHB Mario Ramos 0-0: Called Strike
0-1: Ball
1-1: Foul Ball, location: 2F
1-2: Strikes out swinging
Batting: RHB Stefano Gaddi 0-0: Foul Ball, location: 2F
0-1: Swinging Strike
0-2: Ball
1-2: Foul Ball, location: 2F
1-2: Ball
2-2: Strikes out swinging
Batting: SHB Leonard O'Connor 0-0: Ball
1-0: Ball
2-0: Ball
3-0: Base on Balls
Batting: LHB Jorge Flores 0-0: Foul Ball, location: 2F
0-1: Ball
1-1: Foul Ball, location: 2F
1-2: Strikes out looking
Top of the 4th over - 0 runs, 0 hits, 0 errors, 1 left on base; Grafton 0 - Rocky Mountain 3
BOTTOM OF THE 4TH
Rocky Mountain Nuggets batting - Pitching for Grafton Middies : RHP Craig Whitney
Batting: RHB Ludwig Kluge 0-0: Ball
1-0: Ball
2-0: Ground out 5-3 (Groundball, 56)
Batting: RHB Gary Chalmers 0-0: Swinging Strike
0-1: Ball
1-1: Ball
2-1: Called Strike
2-2: Ball
3-2: Strikes out swinging
Batting: RHB Pedro Longoria 0-0: Foul Ball, location: 2F
0-1: Ball
1-1: Ball
2-1: Ball
3-1: Called Strike
3-2: Base on Balls
Batting: RHB Wes Shannon 0-0: Ball
1-0: Ball
2-0: Called Strike
2-1: Foul Ball, location: 2F
2-2: Strikes out swinging
Bottom of the 4th over - 0 runs, 0 hits, 0 errors, 1 left on base; Grafton 0 - Rocky Mountain 3
TOP OF THE 5TH
Grafton Middies batting - Pitching for Rocky Mountain Nuggets : RHP Juan Guillén
Batting: LHB John Meléndez 0-0: Called Strike
0-1: Ball
1-1: Swinging Strike
1-2: Ball
2-2: Ball
3-2: Foul Ball, location: 2F
3-2: Strikes out looking
Batting: LHB Juan Caro 0-0: Fly out, F7 (Flyball, 7)
Batting: RHB Rafael Delgado 0-0: Called Strike
0-1: Swinging Strike
0-2: Ground out 3-1 (Groundball, 34)
Top of the 5th over - 0 runs, 0 hits, 0 errors, 0 left on base; Grafton 0 - Rocky Mountain 3
BOTTOM OF THE 5TH
Rocky Mountain Nuggets batting - Pitching for Grafton Middies : RHP Craig Whitney
Batting: RHB Wrangler Haresnape 0-0: Called Strike
0-1: Fly out, F3 (Line Drive, 3S)
Batting: RHB Iván Vega 0-0: Called Strike
0-1: Called Strike
0-2: Ball
1-2: Ball
2-2: Foul Ball, location: 2F
2-2: Ball
3-2: Fly out, F9 (Flyball, 89S)
Batting: LHB Willis Baker 0-0: Ball
1-0: Ball
2-0: Ball
3-0: Called Strike
3-1: Base on Balls
Batting: LHB Roberto Sánchez 0-0: Ball
1-0: Fly out, F7 (Line Drive, 7)
Bottom of the 5th over - 0 runs, 0 hits, 0 errors, 1 left on base; Grafton 0 - Rocky Mountain 3
TOP OF THE 6TH
Grafton Middies batting - Pitching for Rocky Mountain Nuggets : RHP Juan Guillén
Batting: RHB Pedro Santos 0-0: Ground out 6-3 (Groundball, 6M)
Batting: RHB Carlos Maldonado 0-0: Foul Ball, location: 2F
0-1: Fly out, F7 (Flyball, 78M)
Batting: LHB Mario Ramos 0-0: Called Strike
0-1: Called Strike
0-2: Strikes out swinging
Top of the 6th over - 0 runs, 0 hits, 0 errors, 0 left on base; Grafton 0 - Rocky Mountain 3
BOTTOM OF THE 6TH
Rocky Mountain Nuggets batting - Pitching for Grafton Middies : RHP Craig Whitney
Batting: RHB Hieu De 0-0: Called Strike
0-1: Ground out 1-4-3 (Groundball, 15S)
Batting: RHB Ludwig Kluge 0-0: Swinging Strike
0-1: Ball
1-1: Ball
2-1: Ball
3-1: Base on Balls
Pitching: RHP Kenete Daku
Batting: RHB Gary Chalmers 0-0: Called Strike
0-1: Foul Ball, location: 2F
0-2: Ball
Ludwig Kluge steals 2nd base
1-2: Strikes out swinging
Batting: RHB Pedro Longoria 0-0: Foul Ball, location: 2F
0-1: Ball
1-1: Called Strike
1-2: Ground out 5-3 (Groundball, 5)
Bottom of the 6th over - 0 runs, 0 hits, 0 errors, 1 left on base; Grafton 0 - Rocky Mountain 3
TOP OF THE 7TH
Grafton Middies batting - Pitching for Rocky Mountain Nuggets : RHP Juan Guillén
Batting: RHB Stefano Gaddi 0-0: Foul Ball, location: 2F
0-1: DOUBLE (Line Drive, 7LM)
Pitching: RHP Will Moore
Batting: SHB Leonard O'Connor 0-0: Ball
1-0: Foul Ball, location: 2F
1-1: Ball
2-1: Called Strike
2-2: Foul Ball, location: 2F
2-2: Foul Ball, location: 2F
2-2: Ball
3-2: Base on Balls
Batting: LHB Jorge Flores 0-0: Foul Ball, location: 2F
0-1: Ball
1-1: Ball
2-1: Fielders Choice at 2nd, 1-4 (Groundball, 15S)
Stefano Gaddi to third
Batting: LHB John Meléndez 0-0: Ball
1-0: Foul Ball, location: 2F
1-1: DOUBLE (Flyball, 7LD)
Stefano Gaddi scores
Jorge Flores to third
Batting: LHB Juan Caro 0-0: Called Strike
0-1: Ball
1-1: 3-RUN HOME RUN (Flyball, 9LD), Distance : 335 ft
Pitching: LHP Rafael Rivera
Batting: RHB Rafael Delgado 0-0: Called Strike
0-1: Ball
1-1: Called Strike
1-2: Foul Ball, location: 2F
1-2: Strikes out swinging
Batting: RHB Pedro Santos 0-0: Fly out, F8 (Line Drive, 8LD)
Top of the 7th over - 4 runs, 3 hits, 0 errors, 0 left on base; Grafton 4 - Rocky Mountain 3
BOTTOM OF THE 7TH
Rocky Mountain Nuggets batting - Pitching for Grafton Middies : RHP Kenete Daku
Batting: RHB Wes Shannon 0-0: Ball
1-0: Ball
2-0: SINGLE (Line Drive, 8LS)
Batting: RHB Wrangler Haresnape 0-0: Bunted foul
0-1: Bunted foul
0-2: Hit by Pitch
Wes Shannon to second
Batting: RHB Iván Vega 0-0: Ball
1-0: Ball
2-0: Ball
3-0: Base on Balls
Wes Shannon to third
Wrangler Haresnape to second
Batting: LHB Willis Baker 0-0: Ball
1-0: Foul Ball, location: 2F
1-1: Ball
2-1: Foul Ball, location: 2F
2-2: Ball
3-2: SINGLE (Flyball, 89S)
Wes Shannon scores
Wrangler Haresnape to third
Iván Vega to second
Runner from 3rd tries for Home, SAFE, throw made home
Batting: LHB Roberto Sánchez 0-0: Called Strike
0-1: Fielders Choice at 2nd, 6-4 (Groundball, 6)
Iván Vega to third
Batting: RHB Hieu De 0-0: Ball
Roberto Sánchez steals 2nd base
1-0: Swinging Strike
1-1: Ball
2-1: Ball
3-1: Foul Ball, location: 2F
3-2: Strikes out swinging
Batting: RHB Ludwig Kluge 0-0: Fly out, F9 (Flyball, 9LS)
Bottom of the 7th over - 2 runs, 2 hits, 0 errors, 2 left on base; Grafton 4 - Rocky Mountain 5
TOP OF THE 8TH
Grafton Middies batting - Pitching for Rocky Mountain Nuggets : LHP Rafael Rivera
Batting: RHB Carlos Maldonado 0-0: Ball
1-0: Called Strike
1-1: Ball
2-1: Ball
3-1: Ground out 1-3 (Groundball, 13S)
Batting: LHB Mario Ramos 0-0: Foul Ball, location: 2F
0-1: Ball
1-1: Called Strike
1-2: Foul Ball, location: 2F
1-2: Strikes out swinging
Batting: RHB Stefano Gaddi 0-0: Called Strike
0-1: Ball
1-1: Foul Ball, location: 2F
1-2: Ground out 5-3 (Groundball, 5)
Top of the 8th over - 0 runs, 0 hits, 0 errors, 0 left on base; Grafton 4 - Rocky Mountain 5
BOTTOM OF THE 8TH
Rocky Mountain Nuggets batting - Pitching for Grafton Middies : RHP Kenete Daku
Pitching: RHP Dylan Silva
Batting: RHB Gary Chalmers 0-0: Ball
1-0: Called Strike
1-1: Swinging Strike
1-2: Ball
2-2: Ball
3-2: Strikes out swinging
Batting: RHB Pedro Longoria 0-0: Foul Ball, location: 2F
0-1: Ball
1-1: Foul Ball, location: 2F
1-2: Ground out 6-3 (Groundball, 6M)
Batting: RHB Wes Shannon 0-0: Called Strike
0-1: Ball
1-1: Swinging Strike
1-2: Ball
2-2: Strikes out looking
Bottom of the 8th over - 0 runs, 0 hits, 0 errors, 0 left on base; Grafton 4 - Rocky Mountain 5
TOP OF THE 9TH
Grafton Middies batting - Pitching for Rocky Mountain Nuggets : LHP Rafael Rivera
Pitching: RHP Jorge Garza
Batting: SHB Leonard O'Connor 0-0: Called Strike
0-1: Fly out, F6 (Popup, 6MD)
Batting: LHB Jorge Flores 0-0: Ball
1-0: Swinging Strike
1-1: Ball
2-1: Ball
3-1: Swinging Strike
3-2: Foul Ball, location: 2F
3-2: Foul Ball, location: 2F
3-2: SINGLE (Groundball, 3S) (infield hit)
Batting: LHB John Meléndez 0-0: Ground out U3 (Groundball, 3L)
Jorge Flores to second
Batting: LHB Juan Caro 0-0: Called Strike
0-1: Called Strike
0-2: Strikes out swinging
Top of the 9th over - 0 runs, 1 hit, 0 errors, 1 left on base; Grafton 4 - Rocky Mountain 5
Sunday, March 18th, 2018 - OOTP Baseball 18.8 Build 76